 Dungeon Crawl Stone Soup version 0.30-a0-1094-g860fb061e7 (webtiles) character file.

Game seed: 8938268927473113929

9 BlueFalcon the Chopper (level 2, 20/22 HPs)
             Began as a Demonspawn Gladiator on Apr 17, 2023.
             Quit the game on level 1 of the Dungeon.
             The game lasted 00:00:51 (170 turns).

BlueFalcon the Chopper (Demonspawn Gladiator)        Turns: 170, Time: 00:00:52

Health: 20/22      AC:  4    Str: 14    XL:     2   Next: 3%
Magic:  2/2        EV:  9    Int:  9    God:
Gold:   0          SH:  0    Dex: 14    Spells: 1/1 levels left

rFire   . . .      SeeInvis .    a - +0 war axe
rCold   . . .      Faith    .    (no shield)
rNeg    . . .      Spirit   .    b - +0 leather armour
rPois   .          Reflect  .    c - +0 helmet
rElec   .          Rampage  .    (no cloak)
rCorr   .                        (no gloves)
Will    .....                    (no boots)
Stlth   +                        (no amulet)
HPRegen 0.23/turn                (no ring)
MPRegen 0.08/turn                (no ring)

@: constricted
A: hooves 1
a: no special abilities


You were on level 1 of the Dungeon.
You visited 1 branch of the dungeon, and saw 1 of its levels.

Inventory:

Hand Weapons
 a - a +0 war axe (weapon)
Missiles
 d - 3 throwing nets (quivered)
 e - a javelin
Armour
 b - a +0 leather armour (worn)
 c - a +0 helmet (worn)
Magical Staves
 f - a staff of conjuration
Potions
 g - a potion of heal wounds {unknown}


   Skills:
 + Level 2.2 Fighting
 * Level 3.1 Axes
 - Level 1.7 Throwing
 - Level 2.6 Dodging


You had one spell level left.
You didn't know any spells.
Your spell library was empty.

Dungeon Overview and Level Annotations

Branches:
Dungeon (1/15)

Altars:


Innate Abilities, Weirdness & Mutations

You have large cloven feet.


Message History

You see here a hobgoblin corpse.
You slash the endoplasm!
You kill the endoplasm!
Your Axes skill increases to level 3!
Found a sling.
An endoplasm comes into view.
The helpless endoplasm fails to defend itself.
You slash the endoplasm!
You kill the endoplasm!
Found a glowing mace.
A rat comes into view.
You hit the rat.
The rat is moderately wounded.
The rat misses you. The rat closely misses you.
You completely miss the rat.
The rat is moderately wounded.
The rat bites you.
You hit the rat.
You kill the rat!
You see here a +1 mace of protection.
A goblin comes into view. It is wielding a +0 dagger.
A ball python comes into view.
A ball python comes into view.
The ball python hisses angrily.
The goblin hits you with a +0 dagger. The ball python misses you.
The ball python grabs you. The ball python constricts you.
You hit the goblin.
The goblin is heavily wounded.
You slash the ball python!
You kill the ball python!
You barely miss the ball python. The goblin closely misses you.
A frilled lizard comes into view.
The ball python bites you but does no damage.
The ball python grabs you. The ball python constricts you.
The goblin hits you with a +0 dagger.
You have reached level 2!
You feel monstrous as your demonic heritage exerts itself.
Your demonic ancestry asserts itself...
Your feet thicken and deform.
Are you sure you want to abandon this character and quit the game? (Confirm with "yes".)

#.. #.. #.# #
... # #.# ##
#.# .. #.##
#g# # .#
.....##@###..#
.#
#....l..S....#
.#
####.##.###.##
.# # #.# #.#
.# #.# #.# .#
#.# #.# .# #.#
#.# #### ##
#.# #.# #..
#.# #.# #.#


You could see a goblin, a ball python and a frilled lizard (wandering).

Vanquished Creatures
  A ball python (D:1)
  2 endoplasms (D:1)
  A hobgoblin (D:1)
  A quokka (D:1)
  A bat (D:1)
  A frilled lizard (D:1)
  A rat (D:1)
8 creatures vanquished.

Notes
Turn   | Place    | Note
-------+----------+-------------------------------------------
     0 | D:1      | BlueFalcon the Demonspawn Gladiator began the quest for the
                  | Orb.
     0 | D:1      | Reached XP level 1. HP: 16/16 MP: 1/1
    79 | D:1      | Reached skill level 3 in Axes
   170 | D:1      | Discovered your monstrous ancestry.
   170 | D:1      | Gained mutation: You have large cloven feet. [demonic
                  | ancestry]
   170 | D:1      | Reached XP level 2. HP: 20/22 MP: 2/2
   170 | D:1      | Quit the game

Illustrated notes

Levels and vault maps discovered:
D:1:      giann_bridges, layout_loops_ring

Skill      XL: |  1 |
---------------+----+-----
Axes           | 3 |  3.1
Fighting       | |  2.2
Throwing       | |  1.7
Dodging        | |  2.6

Action                     || total
---------------------------++-------
  Melee: War axe           ||    22
   Stab: Sleeping          ||     1
 Armour: Leather armour    ||     4
  Dodge: Dodged            ||    17

Table legend: (Time is in decaauts)
 A = Elapsed time spent in this place.
 B = Non-inter-level travel time spent in this place.
 C = Inter-level travel time spent in this place.
 D = Time resting spent in this place.
 E = Time spent auto-exploring this place.
 F = Levels seen in this place.
 G = Mean time per level.
                   A        B        C        D        E       F      G
               +--------+--------+--------+--------+--------+-----+--------+
         Total |    178 |    178 |      0 |      0 |    101 |   1 |  178.0 |
       Dungeon |    178 |    178 |      0 |      0 |    101 |   1 |  178.0 |
               +--------+--------+--------+--------+--------+-----+--------+

Top non-repeatable levels by time:
     D:1: 178 daAuts
